 Dungeon Crawl Stone Soup version 0.27.0-1-g7a089689b8 (webtiles) character file.

Game seed: 8405790042570218368

69 horus123 the Stinger (level 4, -1/24 HPs)
             Began as a Deep Elf Venom Mage on Aug 9, 2021.
             Slain by an orc wizard (2 damage)
             ... on level 3 of the Dungeon.
             The game lasted 00:09:18 (2279 turns).

horus123 the Stinger (Deep Elf Venom Mage)          Turns: 2279, Time: 00:09:19

Health: -1/24      AC:  2    Str:  5    XL:     4   Next: 2%
Magic:  5/12       EV: 20    Int: 21    God:
Gold:   78         SH:  0    Dex: 20    Spells: 2/11 levels left

rFire    . . .     SeeInvis .   (weapon currently unavailable)
rCold    . . .     Faith    .   (shield currently unavailable)
rNeg     . . .     Spirit   .   (armour currently unavailable)
rPois    x         Reflect  .   (helmet currently unavailable)
rElec    .         Harm     .   (cloak currently unavailable)
rCorr    .         Rampage  .   (gloves currently unavailable)
Will     .....                  (boots currently unavailable)
Stlth    ++........             (no amulet)
HPRegen  0.08/turn              (no ring)
MPRegen  0.13/turn              (no ring)

@: spider-form
A: venomous fangs, tiny
a: End Transformation


You were on level 3 of the Dungeon.
You were a venomous arachnid creature.
You visited 1 branch of the dungeon, and saw 3 of its levels.

You collected 78 gold pieces.

Inventory:

Hand Weapons
 d - a +1 rapier (melded)
Armour
 a - a +0 robe (melded)
 b - a +0 pair of gloves (melded)
 e - a +0 helmet (melded)
Jewellery
 c - an amulet of guardian spirit
Scrolls
 g - a scroll of immolation {unknown}
Potions
 f - a potion of might {unknown}


   Skills:
 + Level 0.6 Fighting
 + Level 2.4 Dodging
 + Level 2.4 Stealth
 + Level 4.1 Spellcasting
 * Level 1.5 Transmutations
 + Level 0.9 Air Magic
 * Level 4.2 Poison Magic


You had 2 spell levels left.
You knew the following spells:

 Your Spells              Type           Power      Damage    Failure   Level
a - Sting                 Tmut/Pois      64%        1d6       12%         1
b - Poisonous Vapours     Pois/Air       30%        N/A       17%         2
c - Mephitic Cloud        Conj/Pois/Air  11%        N/A       36%         3
d - Spider Form           Tmut/Pois      8%         N/A       26%         3

Your spell library contained the following spells:

 Spells                   Type           Power      Damage    Failure   Level
 Ensorcelled Hibernation  Hex/Ice        8%         N/A       38%         2
 Olgreb's Toxic Radiance  Pois           22%        N/A       41%         4
 Shadow Creatures         Summ           N/A        N/A       100%        6


Dungeon Overview and Level Annotations

Branches:
Dungeon (3/15)

Altars:


Message History

You completely miss the orc.
The orc is moderately wounded.
The orc wizard hits you with a +0 dagger.
You are too injured to fight recklessly!
There are no items here.
Aiming: Sting (safe; 13% risk of failure)
Press: ? - help, Q - select action, (/) - cycle Shift-Dir - straight line, f - orc
Aim: an orc, wielding a +0 dagger (lightly wounded, very poisoned, 74% to hit)
The sting hits the orc.
The orc looks even sicker.
The orc is severely wounded.
You kill the orc!
The orc wizard mumbles some strange words.
The orc wizard flickers and vanishes!
Deactivating autopickup; reactivate with Ctrl-A.
Aiming: Sting (safe; 13% risk of failure)
Press: ? - help, Q - select action, (/) - cycle Shift-Dir - straight line, f - orc
Aim: an orc, wielding a +0 trident (74% to hit)
The sting hits the orc.
The orc is poisoned.
The orc is heavily wounded.
The orc completely misses you. Something hits you.
Aiming: Sting (safe; 13% risk of failure)
Press: ? - help, Q - select action, (/) - cycle Shift-Dir - straight line, f/p - orc
Aim: an orc, wielding a +0 trident (severely wounded, poisoned, 74% to hit)
The sting hits the orc.
The orc looks even sicker.
You kill the orc!
Something hits you.
* * * LOW HITPOINT WARNING * * *
You have reached level 4!
You feel clever.
You barely miss something. Something hits you.
* * * LOW HITPOINT WARNING * * *
You hit something but do no damage. Something hits you.
* * * LOW HITPOINT WARNING * * *
You barely miss something. Something closely misses you.
You hit something. Something hits you but does no damage.
You closely miss something. Something barely misses you.
You barely miss something. Something hits you.
* * * LOW HITPOINT WARNING * * *
You closely miss something. Something hits you.
You die...

#.# #.# ### #..#.. ## #.#
#.# # #. #... .. #.# #.#
#.##.# #. #.# #.# .#... #.
#.###.# ..>. #.
#.....######...## #.
####.........)..# ##.#####.
#.########{#.#####.##.......
#.# #)s)..........####. #<#
###.......# #. #.# #........
#. #.# #.##############. #.#
#.# #........... #.. #.#
#.#####....( #.# #.# #.####
#.####>#####.#
#.#..........#


There were no monsters in sight!

Vanquished Creatures
  2 adders (D:2)
  3 worms (D:2)
  3 dart slugs
  3 orcs (D:3)
  4 ball pythons
  An endoplasm (D:1)
  A giant cockroach (D:1)
  A goblin (D:2)
  A hobgoblin (D:1)
  3 kobolds (D:2)
  5 bats
  5 frilled lizards
  2 rats (D:2)
34 creatures vanquished.

Notes
Turn   | Place    | Note
-------+----------+-------------------------------------------
     0 | D:1      | horus123 the Deep Elf Venom Mage began the quest for the
                  | Orb.
     0 | D:1      | Reached XP level 1. HP: 10/10 MP: 6/6
   345 | D:1      | Reached XP level 2. HP: 15/15 MP: 5/8
   441 | D:1      | Found a faded altar of an unknown god.
   575 | D:1      | You fall into a shaft and drop 1 floor!
   580 | D:2      | Learned a level 2 spell: Poisonous Vapours
  1229 | D:2      | Reached XP level 3. HP: 19/19 MP: 0/10
  1309 | D:2      | Learned a level 3 spell: Mephitic Cloud
  2024 | D:3      | Learned a level 3 spell: Spider Form
  2273 | D:3      | Reached XP level 4. HP: 7/24 MP: 4/12
  2278 | D:3      | HP: 1/24 [something (2)]
  2279 | D:3      | Slain by an orc wizard

Illustrated notes

Levels and vault maps discovered:
D:1:      dpeg_arrival_circle_labyrinth_a, layout_rooms,
          chequers_ecumenical_altar_island
D:2:      cheibrodos_old_hovel, layout_basic
D:3:      layout_loops_ring, kennysheep_generic_room_6

Skill      XL: |  1  2  3 |
---------------+----------+-----
Poison Magic   | 4 |  4.2
Spellcasting   | 4 |  4.1
Fighting       | |  0.6
Dodging        | |  2.4
Stealth        | |  2.4
Transmutations | |  1.5
Air Magic      | |  0.9

Action                   |  1- 3 |  4- 6 || total
-------------------------+-------+-------++-------
Melee: Rapier            |    11 |       ||    11
       Unarmed           |     8 |     7 ||    15
 Cast: Sting             |    54 |       ||    54
       Poisonous Vapours |    25 |       ||    25
       Mephitic Cloud    |     1 |       ||     1
       Spider Form       |     1 |       ||     1
  Use: Scroll            |     3 |       ||     3
       Potion            |     1 |       ||     1
Armor: Robe              |     5 |       ||     5
       Skin              |       |     1 ||     1
Dodge: Dodged            |    18 |     2 ||    20
